 Dungeon Crawl Stone Soup version 0.21-a0-521-g1cd18d1 (webtiles) character file.

82 slep the Chopper (level 4, -2/34 HPs)
             Began as a Demonspawn Gladiator on Dec 6, 2017.
             Shot with an arrow by a centaur (3 damage)
             ... on level 3 of the Dungeon.
             The game lasted 00:05:29 (2019 turns).

slep the Chopper (Demonspawn Gladiator)             Turns: 2019, Time: 00:05:29

Health: -2/34      AC:  6    Str: 15    XL:     4   Next: 21%
Magic:  4/4        EV: 14    Int: 15    God:
Gold:   86         SH:  8    Dex: 19    Spells: 3/3 levels left

rFire    . . .     SeeInvis .   a - +0 war axe
rCold    + . .     Gourm    .   l - +0 shield
rNeg     . . .     Faith    .   k - +0 ring mail
rPois    .         Spirit   .   c - +0 helmet
rElec    .         Reflect  .   (no cloak)
rCorr    .         Harm     .   (no gloves)
MR       .....                  (no boots)
Stlth    ++........             (no amulet)
HPRegen  0.11/turn              (no ring)
MPRegen  0.09/turn              (no ring)

@: brilliant, agile
A: claws 1, cold resistance 1, powered by pain 1
a: no special abilities


You were on level 3 of the Dungeon.
You were hungry.

You visited 1 branch of the dungeon, and saw 3 of its levels.

You collected 86 gold pieces.

Inventory:

Hand Weapons
 a - a +0 war axe (weapon)
Missiles
 d - 3 throwing nets (quivered)
Armour
 b - a +0 leather armour
 c - a +0 helmet (worn)
 k - a +0 ring mail (worn)
 l - a +0 shield (worn)
Wands
 j - a wand of flame (19)
Scrolls
 g - a scroll of identify {unknown}
 h - a scroll of amnesia {unknown}
 n - 2 scrolls of teleportation {unknown}
Potions
 e - a potion of haste {unknown}
 i - a potion of might {unknown}
 m - a potion of flight {unknown}
 o - 2 potions of brilliance
Comestibles
 f - 3 bread rations
 p - 2 fruits


   Skills:
 + Level 2.4 Fighting
 + Level 3.6 Axes
 + Level 1.8 Throwing
 + Level 1.1 Armour
 + Level 3.2 Dodging
 + Level 0.1 Stealth
 + Level 0.3 Shields


You had 3 spell levels left.
You didn't know any spells.

Dungeon Overview and Level Annotations

Branches:
Dungeon (3/15)

Altars:


Innate Abilities, Weirdness & Mutations

You have sharp fingernails.
Your flesh is cold resistant. (rC+)
You sometimes gain a little power by taking damage.


Message History

You hit the worm.
You kill the worm!
The centaur wields a shortbow.
The centaur shoots an arrow.
The arrow hits you but does no damage.
The centaur shoots an arrow.
The arrow hits you.
The centaur shoots an arrow.
The arrow hits you.
* * * LOW HITPOINT WARNING * * *
The centaur shoots an arrow.
The arrow hits you.
* * * LOW HITPOINT WARNING * * *
You see here 3 arrows.
The centaur shoots an arrow.
You block the arrow.
Things that are here:
an arrow; a scroll labeled VUMEOSHR GOBATZ The centaur shoots an arrow.
You block the arrow.
The centaur shoots an arrow.
The arrow closely misses you.
You see here an arrow.
It was a potion of brilliance.
You feel clever all of a sudden.
The centaur shoots an arrow.
The arrow hits you.
You die...

..# ####.#
....## ....#
#...#
#######...#
........c.#
######.#.#
#.#@# #.#(#
#.#(#
##.########.#.#
...>...<....#.#
#############.#
#.. ###


You could see a centaur.

Vanquished Creatures
  3 adders (D:2)
  A shadow imp (D:2)
  A worm (D:3)
  A dart slug (D:1)
  2 leopard geckos
  2 giant cockroaches
  7 goblins
  2 hobgoblins (D:1)
  4 jackals
  4 kobolds (D:1)
  5 bats
  A frilled lizard (D:3)
  11 rats
44 creatures vanquished.

Notes
Turn   | Place    | Note
-------+----------+-------------------------------------------
     0 | D:1      | slep the Demonspawn Gladiator began the quest for the Orb.
     0 | D:1      | Reached XP level 1. HP: 16/16 MP: 1/1
    99 | D:1      | Gained mutation: You sometimes gain a little power by taking damage. [demonic ancestry]
    99 | D:1      | Reached XP level 2. HP: 1/22 MP: 2/2
   931 | D:2      | Gained mutation: Your flesh is cold resistant. (rC+) [demonic ancestry]
   931 | D:2      | Reached XP level 3. HP: 10/27 MP: 3/3
  1293 | D:2      | Reached skill level 1 in Armour
  1635 | D:2      | Gained mutation: You have sharp fingernails. [demonic ancestry]
  1635 | D:2      | Reached XP level 4. HP: 30/34 MP: 4/4
  2014 | D:3      | Noticed a centaur
  2016 | D:3      | HP: 1/34 [centaur/arrow (6)]
  2019 | D:3      | Shot with an arrow by a centaur

Vault maps used:
D:1:      dpeg_arrival_windows_large_door, minmay_misc_feat_more_columns,
          minmay_misc_feat_pillars
D:2:      lemuel_upstairs_altar, first_bread

Skill      XL: |  1  2  3 |
---------------+----------+-----
Dodging        | 3 |  3.2
Axes           | 3 |  3.6
Armour         | 1 |  1.1
Fighting       | |  2.4
Throwing       | |  1.8
Stealth        | |  0.1
Shields        | |  0.3

Action                   |  1- 3 |  4- 6 || total
-------------------------+-------+-------++-------
Melee: War axe           |   118 |    41 ||   159
  Use: Potion            |       |     1 ||     1
  Eat: Chunk             |     2 |     1 ||     3
Armor: Leather armour    |    12 |       ||    12
       Ring mail         |    29 |    15 ||    44
Dodge: Dodged            |    74 |    16 ||    90
Block: Shield            |    35 |    12 ||    47

Table legend:
 A = Spawn XP
 B = Non-spawn XP
 C = Spawn XP percentage of total XP
 D = Spawn monster count
 E = Non-spawn monster count
 F = Spawn count percentage of total count
 G = Total turns spent on level
                    A         B        C        D         E        F      G
               +---------+---------+-------+---------+---------+-------+---------
         Total |       0 |     118 |   0.0 |       0 |      44 |   0.0 |  2019
               +---------+---------+-------+---------+---------+-------+---------
           D:1 |       0 |      35 |   0.0 |       0 |      21 |   0.0 |   858
           D:2 |       0 |      77 |   0.0 |       0 |      21 |   0.0 |  1124
           D:3 |       0 |       6 |   0.0 |       0 |       2 |   0.0 |    37
               +---------+---------+-------+---------+---------+-------+---------
